[Event "7th Summer Cup 2024"]
[Site "Rhodes"]
[Date "2024.06.22"]
[Round "1.1"]
[White "Girard, Adrien"]
[Black "Nasuta, Grzegorz"]
[Result "0-1"]
[ECO "B22"]
[WhiteElo "1828"]
[BlackElo "2541"]
[Annotator "TA"]
[PlyCount "50"]
[EventDate "2024.06.22"]
[EventType "swiss"]
[EventCountry "GRE"]
[SourceTitle "playchess.com"]
[Source "ChessBase"]
[SourceQuality "1"]
[TimeControl "15/5400+30:1800+30"]

1. e4 c5 2. c3 d6 3. d4 Nf6 4. e5 dxe5 5. Bb5+ Bd7 6. dxe5 Bxb5 7. Qxd8+ Kxd8 8. exf6 {[%emt 0:00:08] Black is clearly better.} exf6 9. Bf4 g5 10. Be3 Nd7 11. Nd2 Kc7 12. O-O-O h6 13. f3 (13. h4 $17 {was necessary.}) 13... f5 {[%emt 0:00:24] aiming for ...Re8.} 14. h3 $2 (14. c4 {was worth a try.} Bc6 15. h4) 14... Re8 $19 15. Bf2 {[%emt 0:01:26] White is weak on the light squares} Ne5 {[%emt 0:00:15] [#] Hoping for ...Nd3+.} 16. Nb3 b6 {[%emt 0:34:14] White must now prevent ...Nd3+.} ({Resist} 16... Nd3+ 17. Rxd3 Bxd3 18. Nxc5 $19) 17. Kc2 Ba4 18. Kc1 $2 (18. h4) 18... c4 {[%emt 0:00:22] Black is clearly winning.} 19. Nd4 Bxd1 20. Kxd1 Nd3 21. Nb5+ Kc6 22. Nxa7+ Kb7 23. Bd4 Kxa7 24. Bxh8 Nf2+ 25. Kc2 Nxh1 {[%emt 0:00:13] Weighted Error Value: White=0.62/Black=0.12 (very precise) .  Mistake:       	White=3     	---        OK:         	White=4     	Black=8} 0-1

[Event "7th Summer Cup 2024"]
[Site "Rhodes"]
[Date "2024.06.22"]
[Round "1.2"]
[White "Budisavljevic, Luka"]
[Black "Belli, Francesco"]
[Result "1-0"]
[ECO "E60"]
[WhiteElo "2468"]
[BlackElo "1816"]
[Annotator "TA"]
[PlyCount "43"]
[EventDate "2024.06.22"]
[EventType "swiss"]
[EventCountry "GRE"]
[SourceTitle "playchess.com"]
[Source "ChessBase"]
[SourceQuality "1"]
[TimeControl "15/5400+30:1800+30"]

1. d4 Nf6 2. c4 g6 3. h4 c5 4. d5 b5 5. cxb5 Qa5+ 6. Nc3 Ne4 $1 7. Qa4 Qxa4 8. Nxa4 {[%emt 0:00:02] White is slightly better.} Bb7 9. Bf4 Bxd5 ({Black should try} 9... Nf6) 10. f3 $16 Nd6 11. e4 (11. Nxc5 $6 Nxb5 12. e3 Nd6 $14) 11... Bc4 (11... Be6 $16 {is a better defense.}) 12. Bxc4 (12. Nxc5 Bxf1 13. Kxf1 Nxb5 $14) (12. Bxd6 $18 {has better winning chances.} Bxf1 13. Bxb8 (13. Bxc5 Bxb5 14. Nc3 Bc4 $11) 13... Bxb5 14. Be5 (14. Nxc5 Rxb8 15. a4 Bc6 $19)) 12... Nxc4 13. Rc1 $1 $36 {[%emt 0:00:09][%cal Ba1c1,Bc1c5,Bc5c8][%mdl 2080] White is really pushing. White is more active.} Nd6 {[%emt 0:06:11] [#] This costs Black the game.} (13... d5 $16 {was worth a try.} 14. b3 (14. Nxc5 Bg7 $16) (14. exd5 Nb6 $16) 14... Nd6 15. exd5 (15. Rxc5 dxe4 16. Bxd6 exd6 $18) 15... Bg7) 14. Rxc5 $18 ({Not} 14. Nxc5 Nxb5 15. Ne2 d6 $16) 14... f6 15. Nc3 e5 16. Be3 Kf7 17. Nd5 Ne8 {[%emt 0:03:00] Dodges Nc7} 18. Rc8 Bd6 $2 {[%emt 0:01:30] [#]} (18... Nd6) 19. Ne2 {[%emt 0:01:24] White is clearly winning.} Rg8 20. Kf2 Ng7 21. Rxg8 Kxg8 22. Nxf6+ {[%emt 0:00:44] Weighted Error Value: White=0.35/Black=0.74.  Loses game:     	---       	Black=1      Mistake:       	White=1     	Black=3      OK:         	White=5     	Black=5      Best:        	White=1     	---        Strong:       	White=1     	Black=1} 1-0

[Event "7th Summer Cup 2024"]
[Site "Rhodes"]
[Date "2024.06.22"]
[Round "1.3"]
[White "Ghaith, Saeed Alnuaimi"]
[Black "Sibashvili, Giorgi"]
[Result "0-1"]
[ECO "A73"]
[WhiteElo "1799"]
[BlackElo "2423"]
[Annotator "RC"]
[PlyCount "56"]
[EventDate "2024.06.22"]
[EventType "swiss"]
[EventCountry "GRE"]
[SourceTitle "playchess.com"]
[Source "ChessBase"]
[SourceQuality "1"]
[TimeControl "15/5400+30:1800+30"]

1. d4 Nf6 2. c4 c5 3. d5 g6 4. Nc3 Bg7 5. e4 O-O 6. Nf3 d6 7. Be2 e6 8. O-O exd5 9. cxd5 Bg4 10. Nd2 Bxe2 11. Qxe2 Nbd7 12. a4 Re8 13. f3 Nh5 14. Nc4 Ne5 15. g4 Nxc4 16. Qxc4 Nf6 17. Bf4 a6 18. Ra2 Nd7 19. a5 Ne5 20. Bxe5 Bxe5 21. b3 Kh8 22. Ne2 Qh4 23. Rf2 f5 24. f4 Bd4 25. Nxd4 Rxe4 26. Qc3 Qxg4+ 27. Qg3 Qd1+ 28. Kg2 Qxd4 0-1

[Event "7th Summer Cup 2024"]
[Site "Rhodes"]
[Date "2024.06.22"]
[Round "1.4"]
[White "Stefanova, Antoaneta"]
[Black "Perrakis, Polychronis"]
[Result "1-0"]
[ECO "D00"]
[WhiteElo "2417"]
[BlackElo "1754"]
[Annotator "RC"]
[PlyCount "119"]
[EventDate "2024.06.22"]
[EventType "swiss"]
[EventCountry "GRE"]
[SourceTitle "playchess.com"]
[Source "ChessBase"]
[SourceQuality "1"]
[TimeControl "15/5400+30:1800+30"]

1. d4 d5 2. Bf4 Nf6 3. e3 c5 4. c3 Nc6 5. Nd2 Bf5 6. Qb3 Qb6 7. dxc5 Qxb3 8. Nxb3 e5 9. Bg3 Ne4 10. O-O-O Be6 11. Bb5 f6 12. f4 exf4 13. exf4 Kf7 14. Bd3 Bxc5 15. Nxc5 Nxc5 16. Bc2 Rad8 17. Nf3 g6 18. h3 Ne4 19. Bh4 Rd7 20. Rhe1 Nd6 21. g4 Re8 22. g5 Bxh3 23. gxf6 Rxe1 24. Ng5+ Kf8 25. Bxe1 Bg2 26. Rd2 Bh1 27. Rh2 Be4 28. Nxh7+ Kf7 29. Bb3 Ne8 30. Ng5+ Kxf6 31. Rh8 Nd6 32. Bh4 Kf5 33. Rf8+ Kg4 34. Be1 Bf3 35. Nxf3 Kxf3 36. Bxd5+ Ke2 37. Bd2 Nf5 38. Bc4+ Kf3 39. Rf6 Nce7 40. Re6 a6 41. a4 Rd6 42. Re1 Nd5 43. Be2+ Kf2 44. Bd3 Ng3 45. Kc2 Kf3 46. a5 Nxf4 47. Bxf4 Kxf4 48. Re7 Nf5 49. Bxf5 gxf5 50. Rxb7 Kf3 51. Rb6 Rd7 52. Rxa6 f4 53. Rf6 Ke3 54. Re6+ Kf2 55. b4 f3 56. b5 Rf7 57. b6 Kg2 58. Re1 f2 59. Re2 Kg3 60. Rxf2 1-0

[Event "7th Summer Cup 2024"]
[Site "Rhodes"]
[Date "2024.06.22"]
[Round "1.5"]
[White "Sioulis, Stergios"]
[Black "Kotronias, Vasilios"]
[Result "0-1"]
[ECO "E94"]
[WhiteElo "1743"]
[BlackElo "2415"]
[Annotator "RC"]
[PlyCount "98"]
[EventDate "2024.06.22"]
[EventType "swiss"]
[EventCountry "GRE"]
[SourceTitle "playchess.com"]
[Source "ChessBase"]
[SourceQuality "1"]
[TimeControl "15/5400+30:1800+30"]

1. d4 Nf6 2. c4 g6 3. Nc3 Bg7 4. e4 d6 5. Nf3 O-O 6. Be2 e5 7. d5 a5 8. O-O Na6 9. a4 Nc5 10. Bg5 h6 11. Bxf6 Bxf6 12. Nd2 Bg5 13. Nb3 Nxb3 14. Qxb3 b6 15. Bd3 f5 16. exf5 gxf5 17. Qd1 Rf7 18. Re1 Rg7 19. Qh5 Bd2 20. Re2 Bxc3 21. bxc3 Qf8 22. Kh1 Rg5 23. Qh4 f4 24. f3 Bd7 25. Bc2 Kg7 26. Rg1 Qf6 27. g3 Rg8 28. Reg2 fxg3 29. Rxg3 Kf7 30. Bd1 Rxg3 31. Qxf6+ Kxf6 32. hxg3 Bf5 33. Be2 Bc2 34. c5 dxc5 35. Bb5 e4 36. Kg2 Ke5 37. Re1 Kxd5 38. fxe4+ Bxe4+ 39. Kh3 Bf5+ 40. Kg2 c4 41. Re7 c6 42. Ba6 Ra8 43. Bb7 Rf8 44. Rc7 Rf6 45. Re7 Kd6 46. Rg7 Be6 47. g4 Rf7 48. Rxf7 Bxf7 49. Bc8 b5 0-1

[Event "7th Summer Cup 2024"]
[Site "Rhodes"]
[Date "2024.06.22"]
[Round "1.6"]
[White "Papasimakopoulos, Alexandros"]
[Black "Michelakis, Evaggelos"]
[Result "1-0"]
[ECO "A80"]
[WhiteElo "2375"]
[BlackElo "1734"]
[Annotator "RC"]
[PlyCount "31"]
[EventDate "2024.06.22"]
[EventType "swiss"]
[EventCountry "GRE"]
[SourceTitle "playchess.com"]
[Source "ChessBase"]
[SourceQuality "1"]
[TimeControl "15/5400+30:1800+30"]

1. d4 f5 2. Nc3 e6 3. e4 Bb4 4. exf5 Bxc3+ 5. bxc3 exf5 6. Nf3 Nf6 7. Ba3 d6 8. Bc4 Qe7+ 9. Kf1 Nc6 10. Qd3 Na5 11. Re1 Ne4 12. Bd5 Be6 13. Bxe6 Qxe6 14. Qb5+ Nc6 15. d5 a6 16. Qxb7 1-0

[Event "7th Summer Cup 2024"]
[Site "Rhodes"]
[Date "2024.06.22"]
[Round "1.7"]
[White "Panaretos, Nikiforos"]
[Black "Ladopoulos, Dimitrios"]
[Result "0-1"]
[ECO "B90"]
[WhiteElo "1723"]
[BlackElo "2374"]
[Annotator "RC"]
[PlyCount "60"]
[EventDate "2024.06.22"]
[EventType "swiss"]
[EventCountry "GRE"]
[SourceTitle "playchess.com"]
[Source "ChessBase"]
[SourceQuality "1"]
[TimeControl "15/5400+30:1800+30"]

1. e4 c5 2. Nf3 e6 3. d4 cxd4 4. Nxd4 Nf6 5. Nc3 d6 6. h3 a6 7. a4 Nc6 8. Nxc6 bxc6 9. Bd3 d5 10. exd5 cxd5 11. O-O Bd6 12. Bg5 h6 13. Bh4 O-O 14. Kh1 Bb7 15. f3 Rc8 16. Re1 Bc7 17. Ne2 Re8 18. Qd2 Qd6 19. Bg3 e5 20. Nd4 Nh5 21. Bh2 Qf6 22. Nf5 e4 23. fxe4 Bxh2 24. Kxh2 dxe4 25. Be2 Qxf5 26. Rf1 Qe5+ 27. Kg1 Ng3 28. Bg4 Rcd8 29. Qf2 Nxf1 30. Rxf1 Qd4 0-1

[Event "7th Summer Cup 2024"]
[Site "Rhodes"]
[Date "2024.06.22"]
[Round "1.8"]
[White "Mostbauer, Florian"]
[Black "Avramopoulos, Periklis"]
[Result "1-0"]
[ECO "D02"]
[WhiteElo "2324"]
[BlackElo "1710"]
[Annotator "RC"]
[PlyCount "51"]
[EventDate "2024.06.22"]
[EventType "swiss"]
[EventCountry "GRE"]
[SourceTitle "playchess.com"]
[Source "ChessBase"]
[SourceQuality "1"]
[TimeControl "15/5400+30:1800+30"]

1. d4 Nf6 2. Nf3 e6 3. Bf4 d5 4. e3 Bd6 5. Bg3 Nc6 6. Nbd2 O-O 7. c4 Bb4 8. a3 Bxd2+ 9. Qxd2 Qe7 10. Qc2 Ne4 11. Bd3 f5 12. Ne5 Nxe5 13. Bxe5 c5 14. f3 Nf6 15. O-O cxd4 16. exd4 dxc4 17. Bxc4 Bd7 18. Qxf5 Rac8 19. Qd3 Nd5 20. Rae1 Qg5 21. Bxd5 exd5 22. Qb3 Bc6 23. Re3 h5 24. f4 Qh6 25. Rg3 Rc7 26. Bxc7 1-0